AoeStats
← Angelita Socialista

Arabia

509707818Analyzed
1v1 RM · 5d ago on Sep 27, 2026· 31m 47s· 2 players
Game mode
Random Map
Map size
Tiny (2 player)
Population
200
Speed
Normal
Resources
Standard
Victory
Conquest
Starting age
Dark Age
Ending age
Imperial Age
RankedLock teamsTeams togetherTeam positionsShared explorationLock speedFull tech treeHidden civsTurbo modeCheats
Victory
Defeat
🇨🇳 Magyars · China
733
+18
🇦🇷 Persians · Argentina
768
-18
80后神登
1:34 Loom
11:25 Feudal Age
15:04 Fletching
19:59 Arson
21:10 Padded Archer Armor
25:18 Castle Age
24:09 Horse Collar
24:17 Double-Bit Axe
26:14 Wheelbarrow
28:09 Town Watch
28:19 Crossbowman
29:14 Bloodlines
Angelita Socialista
5:50 Loom
6:01 Loom
10:09 Feudal Age
13:53 Double-Bit Axe
13:54 Horse Collar
20:47 Castle Age
19:15 Padded Archer Armor
24:29 Elite Skirmisher
27:02 Thumb Ring
Connection lost

Rejoining the realm…

Still unreachable

The connection could not be restored.

Session expired

The server has moved on; the page needs a fresh start.